Map: Tokamak LE

Players

SubN

  • Race: Zerg Zerg
  • League: Diamond
  • Spawn Location: 1:00

Velton - Winner!

  • Race: Protoss Protoss
  • Spawn Location: 7:00

VOD

Have the link to the VOD?

Description

Time

  • Played on: July 31, 2025, 12:48 p.m.
  • Length: 23:13
Show
View Real Time Build Order
Export as new Build Order

SubN Zerg 

Build Orders: Pool First 

Get SALT Encoding   

  12  0:00  Drone  
  13  0:09  Drone  
  14  0:15  Extractor  
  14  0:16  Drone  
  15  0:25  Overlord  
  15  0:49  Spawning Pool  
  14  0:59  Hatchery  
  14  1:02  Drone  
  14  1:05  Drone  
  14  1:09  Drone  
  16  1:16  Drone  
  17  1:26  Drone  
  18  1:37  Queen  
  20  1:41  Zergling x2  
  20  1:46  Zergling x2  
  22  1:56  Overlord  
  22  2:12  Drone x2  
  22  2:13  Queen  
  22  2:15  Queen  
  26  2:21  Drone  
  29  2:24  Drone  
  28  2:47  Drone x7  
  35  2:53  Hatchery  
  34  3:05  Overlord, Extractor  
  33  3:10  Overlord  
  33  3:15  Zergling x4  
  33  3:19  Drone  
  36  3:21  Overlord  
  36  3:26  Drone  
  38  3:27  Drone  
  38  3:28  Queen  
  40  3:45  Drone  
  40  3:46  Drone x4  
  45  3:49  Overlord  
  45  3:58  Zergling x4  
  47  4:20  Lair  
  47  4:23  Queen  
  49  4:28  Drone  
  49  4:30  Drone x11, Roach Warren  
  49  4:31  Queen  
  60  4:36  Spore Crawler  
  61  4:48  Spore Crawler  
  61  4:49  Drone x2  
  61  4:50  Drone  
  61  4:51  Drone, Spore Crawler  
  63  4:53  Extractor  
  63  4:54  Drone x3  
  65  5:08  Drone  
  65  5:09  Overlord  
  65  5:10  Overlord x2  
  66  5:20  Overlord  
  66  5:27  Queen  
  68  5:35  Hatchery  
  67  5:38  Metabolic Boost  
  67  5:40  Glial Reconstitution  
  67  5:43  Drone  
  67  5:44  Drone x2  
  67  5:45  Drone  
  67  5:46  Drone  
  67  5:47  Drone  
  67  5:48  Drone, Extractor  
  73  5:52  Drone  
  73  5:55  Drone  
  75  5:57  Evolution Chamber  
  75  5:58  Evolution Chamber  
  75  5:59  Baneling Nest  
  72  6:05  Overseer  
  72  6:24  Zerg Missile Weapons Level 1  
  72  6:28  Overlord  
  72  6:29  Drone  
  72  6:32  Drone x3, Extractor  
  75  6:34  Roach x4  
  75  6:37  Queen  
  85  6:49  Drone x11  
  85  6:50  Drone x2  
  98  6:55  Centrifugal Hooks  
  98  7:06  Pneumatized Carapace  
  98  7:16  Spore Crawler  
  98  7:21  Hydralisk Den  
  96  7:27  Drone  
  96  7:28  Drone x3  
  100  7:31  Drone x3, Extractor  
  102  7:39  Zergling x2  
  102  7:40  Zergling x2  
  102  7:42  Overlord x3  
  102  7:43  Overlord x2  
  104  7:48  Zerg Ground Armor Level 1  
  104  7:50  Overlord  
  104  7:54  Drone, Extractor  
  104  7:55  Drone, Extractor  
  104  7:59  Overlord  
  104  8:00  Overlord, Queen  
  104  8:04  Drone  
  107  8:06  Drone x4  
  107  8:07  Drone x2  
  113  8:15  Drone x2  
  113  8:18  Drone x2  
  117  8:24  Zerg Missile Weapons Level 2, Spore Crawler  
  117  8:26  Muscular Augments  
  116  8:27  Overlord x3  
  116  8:30  Zergling x2  
  117  8:38  Spine Crawler  
  116  8:46  Hydralisk  
  116  8:47  Hydralisk x5  
  128  8:58  Infestation Pit  
  128  8:59  Spine Crawler  
  128  9:01  Spine Crawler  
  125  9:05  Hydralisk  
  125  9:06  Hydralisk x10  
  125  9:08  Spine Crawler  
  144  9:24  Hatchery  
  143  9:27  Hydralisk  
  143  9:28  Hydralisk x7  
  143  9:30  Grooved Spines  
  159  9:34  Overseer  
  159  9:48  Baneling x5  
  159  9:50  Zergling x22  
  143  10:23  Zergling x2  
  143  10:24  Zergling x26  
  132  10:40  Queen  
  134  10:44  Zerg Melee Weapons Level 1, Zerg Ground Armor Level 2  
  134  10:48  Hive  
  134  10:53  Hydralisk x5  
  134  10:55  Zergling x4  
  134  10:56  Zergling x10  
  151  11:04  Queen  
  153  11:19  Zergling x20  
  153  11:20  Zergling x8  
  126  11:41  Hydralisk x3  
  126  11:42  Hydralisk x15  
  126  11:45  Baneling x9  
  126  11:46  Baneling x5  
  160  12:04  Drone x3  
  160  12:06  Extractor  
  162  12:11  Spine Crawler, Extractor  
  162  12:12  Roach  
  162  12:13  Roach x10  
  162  12:14  Extractor  
  181  12:16  Overlord x3  
  181  12:17  Overlord  
  181  12:19  Overseer x2  
  181  12:22  Adrenal Glands  
  181  12:29  Drone  
  182  12:32  Overlord  
  182  12:38  Drone, Zerg Missile Weapons Level 3  
  182  12:39  Drone x3  
  186  12:49  Zergling x2  
  186  12:50  Zergling x26  
  190  13:15  Zergling x12  
  190  13:16  Zergling x8  
  180  13:28  Unknown  
  166  13:35  Viper x4  
  166  13:39  Overseer  
  174  13:50  Hydralisk x2  
  174  13:51  Hydralisk x5  
  184  13:58  Lurker Den  
  176  14:21  Zerg Ground Armor Level 3  
  176  14:24  Hydralisk  
  176  14:25  Hydralisk x5  
  188  14:42  Hatchery  
  188  14:43  Hatchery  
  186  15:00  Zergling x14  
  186  15:01  Zergling x14  
  200  15:14  Zerg Melee Weapons Level 2  
  126  15:50  Hydralisk x14  
  126  15:51  Hydralisk x5  
  126  15:54  Viper  
  165  15:59  Lurker x3  
  165  16:00  Lurker  
  169  16:05  Lurker x3  
  169  16:07  Hydralisk x2  
  169  16:08  Hydralisk x11  
  198  16:24  Seismic Spines  
  181  17:21  Adaptive Talons  
  141  17:31  Hydralisk x13  
  141  17:32  Hydralisk x17  
  189  17:47  Hydralisk x5  
  188  18:13  Viper x3  
  164  18:55  Hydralisk  
  164  18:56  Hydralisk x8  
  151  19:19  Zergling x6  
  151  19:20  Zergling x16  
  151  19:21  Zergling x6  
  151  19:23  Hydralisk x5  
  151  19:24  Hydralisk x8  
  167  19:26  Viper x2  
  197  19:32  Queen  
  197  19:36  Extractor  
  198  19:42  Overseer  
  198  19:43  Overseer  
  195  19:51  Extractor x2  
  182  19:56  Zerg Melee Weapons Level 3  
  160  20:08  Lurker x4  
  160  20:09  Hydralisk x6  
  160  20:10  Hydralisk x12  
  200  20:26  Hatchery  
  199  20:40  Overseer x4  
  199  20:44  Lurker  
  196  20:50  Spore Crawler  
  192  20:58  Drone x3  
  192  21:00  Drone x2  
  190  21:44  Hatchery  
  189  21:53  Hatchery  
  188  21:56  Hatchery, Viper x2  
  181  22:19  Hydralisk x6  
  181  22:20  Hydralisk x5  
Show
View Real Time Build Order
Export as new Build Order

Velton Protoss - Winner!

Build Orders: 1 Gate Expand, Carriers 

Get SALT Encoding   

  1  0:00  Probe  
  12  0:05  Probe  
  14  0:15  Probe  
  15  0:24  Pylon  
  16  0:42  Probe  
  16  0:44  Gateway  
  16  0:47  Assimilator  
  15  0:58  Probe  
  16  1:10  Probe  
  17  1:23  Nexus  
  17  1:33  Cybernetics Core  
  17  1:37  Probe  
  18  1:49  Probe, Assimilator  
  19  2:02  Probe, Adept  
  20  2:08  Pylon  
  20  2:14  Warp Gate, Probe  
  23  2:26  Probe  
  24  2:34  Zealot  
  24  2:44  Pylon  
  24  2:53  Pylon  
  24  2:56  Shield Battery  
  24  2:57  Probe x2  
  26  3:00  Stalker  
  26  3:11  Probe x2  
  30  3:17  Twilight Council  
  30  3:24  Probe x2  
  32  3:31  Pylon  
  32  3:36  Probe x2  
  34  3:46  Sentry  
  36  3:48  Probe x2  
  36  3:54  Stargate  
  38  4:00  Probe x2  
  38  4:02  Assimilator, Charge  
  40  4:06  Templar Archives  
  40  4:12  Probe  
  41  4:19  Zealot  
  41  4:21  Probe  
  44  4:34  Assimilator  
  44  4:38  Oracle  
  44  4:40  Probe x2  
  46  4:46  Nexus  
  46  4:48  Pylon  
  49  4:54  Probe x2  
  49  4:55  Psionic Storm  
  51  5:00  Forge  
  51  5:03  Zealot  
  54  5:07  Probe x2  
  55  5:23  Oracle  
  55  5:24  Probe x2  
  60  5:34  Pylon  
  60  5:39  Protoss Ground Weapons Level 1  
  60  5:41  High Templar  
  62  5:43  Probe x2  
  64  5:56  Gateway  
  64  5:57  Gateway  
  64  6:01  Pylon, Probe x3  
  67  6:04  Pylon  
  71  6:14  Void Ray  
  71  6:23  High Templar  
  71  6:25  Probe x3  
  76  6:27  Blink  
  76  6:39  Shield Battery  
  76  6:41  Pylon  
  76  6:42  Probe x2  
  76  6:43  Photon Cannon  
  76  6:44  Probe, Photon Cannon  
  76  6:45  Assimilator  
  76  6:46  Photon Cannon  
  79  6:50  Assimilator  
  79  6:55  Probe  
  79  6:56  Probe  
  81  7:19  Zealot x3  
  81  7:21  Probe x3  
  90  7:26  Robotics Facility  
  90  7:30  Robotics Facility  
  90  7:33  Probe x3  
  90  7:36  Pylon  
  93  7:39  Gateway x2  
  93  7:42  Photon Cannon  
  93  7:44  Photon Cannon  
  93  7:47  Stalker x3, Photon Cannon  
  99  8:15  High Templar  
  99  8:16  High Templar  
  99  8:19  Observer x2  
  106  8:27  Probe x3  
  108  8:39  Nexus  
  108  8:40  Pylon  
  108  8:43  Protoss Ground Armor Level 1  
  108  8:46  Observer x2  
  110  8:50  Pylon  
  110  8:55  Robotics Bay  
  110  8:56  Stalker  
  110  8:57  Stalker x4  
  120  9:04  Observer  
  120  9:28  Zealot x4  
  120  9:29  Zealot  
  130  9:34  Immortal x2  
  138  9:42  Observer  
  138  9:49  Sentry  
  120  10:26  Zealot  
  120  10:27  Zealot x4  
  116  10:47  High Templar  
  116  10:48  Zealot x2  
  116  10:49  Zealot x2  
  126  10:54  Colossus  
  126  10:55  Colossus  
  131  11:17  Probe  
  131  11:18  Probe x3  
  135  11:20  Photon Cannon  
  135  11:22  Photon Cannon  
  135  11:24  Photon Cannon  
  135  11:25  Shield Battery  
  134  11:37  Archon x2  
  124  11:40  High Templar x4  
  124  11:42  Zealot  
  134  11:51  Photon Cannon  
  134  11:52  Observer x2, Photon Cannon  
  134  11:53  Photon Cannon  
  136  11:54  Protoss Ground Weapons Level 2, Photon Cannon  
  136  11:56  Photon Cannon  
  136  11:57  Shield Battery  
  136  12:09  Forge x2  
  136  12:14  Stargate  
  136  12:15  Stargate  
  136  12:17  Stargate  
  136  12:18  Stargate, Nexus  
  136  12:19  Pylon  
  136  12:21  Dark Shrine  
  136  12:22  Immortal x2  
  144  12:23  Zealot x2  
  148  12:30  Pylon  
  148  12:33  Pylon  
  148  12:51  Photon Cannon  
  148  12:52  High Templar x3  
  148  12:53  Photon Cannon  
  148  12:54  Photon Cannon  
  135  13:38  Dark Templar x5  
  135  13:39  Immortal x2  
  152  13:50  Pylon  
  152  13:53  Pylon  
  152  13:58  Archon  
  151  14:05  Probe x4  
  151  14:06  Protoss Ground Armor Level 2, Protoss Shields Level 1  
  151  14:09  Assimilator  
  145  14:11  Protoss Ground Weapons Level 3, Assimilator  
  145  14:19  Extended Thermal Lance  
  145  14:22  Zealot x2  
  145  14:23  Zealot x2  
  153  14:25  Stalker  
  155  14:31  Shadow Stride  
  155  14:34  Pylon  
  155  14:37  Pylon  
  155  14:41  Fleet Beacon  
  155  14:43  Observer x2, Cybernetics Core  
  155  14:44  Pylon  
  157  14:49  Photon Cannon  
  157  14:50  Pylon  
  157  14:51  Photon Cannon  
  157  14:53  Photon Cannon  
  157  14:54  Probe  
  157  14:55  Probe x3  
  157  14:57  Photon Cannon  
  157  14:58  Pylon  
  157  14:59  Shield Battery  
  161  15:02  Assimilator  
  161  15:04  Pylon  
  161  15:05  Sentry x2  
  165  15:07  Assimilator  
  165  15:14  Photon Cannon  
  165  15:15  Photon Cannon  
  165  15:18  Photon Cannon x2  
  165  15:19  Shield Battery  
  165  15:20  Probe  
  165  15:21  Probe x4  
  170  15:22  Shield Battery  
  170  15:26  High Templar  
  137  15:52  Carrier x4  
  161  15:58  Colossus x2  
  161  15:59  Gravitic Drive  
  161  16:06  Stalker x4  
  161  16:07  Stalker  
  183  16:16  Pylon  
  183  16:19  Pylon, Gateway  
  183  16:23  Gateway x2  
  183  16:27  Gateway  
  183  16:28  Probe  
  183  16:29  Probe x4  
  187  16:43  High Templar  
  187  16:44  High Templar x3  
  194  16:48  Archon x2  
  194  16:54  Photon Cannon  
  194  16:55  Photon Cannon  
  194  16:56  Gravitic Boosters, Photon Cannon  
  194  16:58  Pylon  
  184  17:17  Observer x2  
  144  17:37  Dark Templar x5  
  144  17:38  Dark Templar x4  
  148  18:00  Carrier x3  
  148  18:02  Probe x4  
  166  18:09  Nexus  
  166  18:14  Probe  
  166  18:18  Pylon  
  150  18:50  Zealot x3  
  150  18:51  Zealot x5  
  161  19:16  Oracle  
  161  19:17  Tempest x3  
  169  19:37  Nexus  
  141  20:03  Probe x4  
  143  20:19  Probe x2  
  143  20:20  Observer  
  143  20:21  Observer  
  147  20:26  Pylon  
  147  20:34  Protoss Air Weapons Level 1  
  144  21:17  High Templar x3  
  138  21:20  Tempest x4  
  152  21:47  Assimilator  
  152  22:00  Pylon  
  152  22:10  Zealot x4  
  152  22:11  Zealot x4  
  162  22:30  Nexus  
  162  22:34  Photon Cannon  
  162  22:35  Photon Cannon  
  162  22:36  Photon Cannon  
  162  22:38  Zealot x3  
  162  22:39  Zealot x2  
Tags
 
Composition
Carriers
League
Diamond
Matchup
PvZ
Replay Pack
Multiplayer
Spawn Locations
Cross Positions
Add a new tag
Caveats
  • Supply blocks, unpowered buildings, or Contaminate may cause inaccurate times.
  • Supply counts are checked every 10 seconds.